 Dungeon Crawl Stone Soup version 0.28.0-49-g6dfe1f597d (webtiles) character file.

Game seed: 7111310093319502074

44 Exodus22XD the Sneak (level 3, 19/19 HPs)
             Began as a Kobold Enchanter on May 15, 2022.
             Was an Initiate of Ru.
             Quit the game on level 1 of the Dungeon.
             The game lasted 00:01:20 (1968 turns).

Exodus22XD the Sneak (Kobold Enchanter)             Turns: 1968, Time: 00:01:20

Health: 19/19      AC:  2    Str:  5    XL:     3   Next: 87%
Magic:  6/6        EV: 15    Int: 16    God:    Ru [......]
Gold:   63         SH:  0    Dex: 17    Spells: 4/6 levels left

rFire   . . .      SeeInvis .   f - +4 dagger
rCold   . . .      Faith    .   (no shield)
rNeg    . . .      Spirit   .   b - +0 robe
rPois   .          Reflect  .   (no helmet)
rElec   .          Harm     .   (no cloak)
rCorr   .          Rampage  .   (no gloves)
Will    .....                   (no boots)
Stlth   ++++......              (no amulet)
HPRegen 0.06/turn               (no ring)
MPRegen 0.10/turn               (no ring)

@: no status effects
A: small, no large weapons, nightstalker 3
a: Renounce Religion


You were on level 1 of the Dungeon.
You worshipped Ru.
Ru was noncommittal.
You visited 1 branch of the dungeon, and saw 2 of its levels.

You collected 63 gold pieces.

Inventory:

Hand Weapons
 f - a +4 dagger (weapon)
Armour
 b - a +0 robe (worn)
Scrolls
 d - a scroll of enchant weapon {unknown}
 e - 2 scrolls of identify {unknown}
Potions
 a - a potion of attraction {unknown}
 c - a potion of invisibility
 g - a potion of lignification {unknown}
 h - a potion of curing {unknown}


   Skills:
 - Level 1.3 Short Blades
 - Level 2.4 Dodging
 + Level 6.3 Stealth
 - Level 2.1 Spellcasting
 - Level 3.0 Hexes


You had 4 spell levels left.
You knew the following spells:

 Your Spells              Type           Power      Damage    Failure   Level
a - Ensorcelled Hibernat  Hex/Ice        12%        N/A       17%         2

Your spell library contained the following spells:

 Spells                   Type           Power      Damage    Failure   Level
 Confusing Touch          Hex            11%        N/A       19%         3
 Tukima's Dance           Hex            11%        N/A       19%         3
 Corpse Rot               Necr/Air       2%         N/A       30%         2
 Poisonous Vapours        Pois/Air       2%         N/A       30%         2
 Dazzling Flash           Conj/Hex       12%        N/A       32%         3


Dungeon Overview and Level Annotations

Branches:
Dungeon (2/15)

Altars:
Ru


Innate Abilities, Weirdness & Mutations

You are small and have problems with some larger weapons.
You are completely attuned to the shadows.


Message History

No target in view!
No target in view!
Found 22 arrows.
No target in view!
No target in view!
Found a short sword.
No target in view!
You see here a +0 short sword.
You see here a ball python skeleton.
There is a stone staircase leading down here.
A bat comes into view.
The bat hits you.
You closely miss the bat. The bat hits you but does no damage. x2
The bat misses you.
You hit the bat.
The bat is moderately wounded.
The bat barely misses you.
A bat is nearby!
A bat is nearby!
You hit the bat.
You kill the bat!
Key pressed, stopping explore.
No target in view!
No target in view!
A quokka comes into view.
The helpless quokka fails to defend itself.
You impale the quokka!!
You kill the quokka!
You pick your way through the web.
There is a web here.
Found a faded altar of an unknown god.
There is a faded altar of an unknown god here.
You cannot tell which god this altar belongs to.
Convert to them anyway?
Ru accepts your prayer! Ru welcomes you!
Unknown command.
Press < or > to pray at altars.
Unknown command.
Press < or > to pray at altars.
Are you sure you want to abandon this character and quit the game? (Confirm with "yes".)

# #.####.##.##..# #
#.............# #
######.##.###†# ##
#####.#.#.# #.# ># ###
....)###..# #)#
.#######8##############.#.###
#.) ..........##...#.# ##.##
### ....####8^^#....8# #.#
###.# ###...##.@# #.#
##.#######.##.8## #.#
##...##..######## #.#
#..#.....###############.#
#....###.................#
#.#.#######)####.#########
#.#....>....# #.##### ##
#.########### #.....# #. ..#
#####.# #.


There were no monsters in sight!

Vanquished Creatures
  An adder (D:2)
  4 endoplasms (D:1)
  A giant cockroach (D:1)
  5 goblins
  2 hobgoblins (D:1)
  3 kobolds (D:1)
  5 quokkas
  4 ball pythons (D:1)
  4 bats
  3 frilled lizards (D:1)
32 creatures vanquished.

Notes
Turn   | Place    | Note
-------+----------+-------------------------------------------
     0 | D:1      | Exodus22XD the Kobold Enchanter began the quest for the
                  | Orb.
     0 | D:1      | Reached XP level 1. HP: 10/10 MP: 3/3
   156 | D:1      | Reached XP level 2. HP: 15/15 MP: 5/5
   220 | D:1      | Reached skill level 5 in Stealth
   875 | D:1      | Learned a level 2 spell: Ensorcelled Hibernation
   887 | D:1      | Reached XP level 3. HP: 19/19 MP: 6/6
   903 | D:1      | You fall into a shaft and drop 1 floor!
  1313 | D:2      | Reached skill level 6 in Stealth
  1962 | D:1      | Found a faded altar of an unknown god.
  1967 | D:1      | Prayed at the altar of an unknown god.
  1967 | D:1      | Became a worshipper of Ru the Awakened
  1968 | D:1      | Quit the game

Illustrated notes

Levels and vault maps discovered:
D:1:      noname_arrival_rooms_in_the_neighbourhood, layout_loops_ring,
          shapermc_ecumenical_altar_petra
D:2:      minmay_alternating_diamond, layout_basic, kennysheep_generic_room_8

Skill      XL: |  1  2  3 |
---------------+----------+-----
Stealth        | 5 6 |  6.3
Short Blades   | |  1.3
Dodging        | |  2.4
Spellcasting   | |  2.1
Hexes          | |  3.0

Action                   || total
-------------------------++-------
Melee: Dagger            ||    81
 Stab: Sleeping          ||    18
Armor: Robe              ||     8
Dodge: Dodged            ||    48
